 Dungeon Crawl Stone Soup version 0.27.0-1-g7a089689b8 (webtiles) character file.

Game seed: 4715252770276172368

35 shoop the Magician (level 3, -2/25 HPs)
             Began as a Djinni Venom Mage on July 31, 2021.
             Killed from afar by Sigmund (7 damage)
             ... with a magic dart
             ... on level 3 of the Dungeon.
             The game lasted 00:03:28 (2261 turns).

shoop the Magician (Djinni Venom Mage)              Turns: 2261, Time: 00:03:30

Health: -2/25      AC:  3    Str:  8    XL:     3   Next: 55%
Gold:   82         EV: 11    Int: 16    God:
                   SH:  0    Dex: 13

rFire    + + .     SeeInvis +   c - +0 war axe
rCold    x . .     Faith    .   (no shield)
rNeg     . . .     Spirit   .   b - +0 leather armour
rPois    ∞         Reflect  .   (no helmet)
rElec    .         Harm     .   (no cloak)
rCorr    .         Rampage  .   (no gloves)
Will     .....                  (boots unavailable)
Stlth    ++........             (no amulet)
HPRegen  0.08/turn              d - ring of see invisible
MPRegen  0.00/turn              (no ring)

@: flying
A: sickness immunity, fire resistance 2, cold vulnerability 1, float, innate
caster, hp casting, extra vitality 1
a: no special abilities


You were on level 3 of the Dungeon.
You visited 1 branch of the dungeon, and saw 3 of its levels.

You collected 82 gold pieces.

Inventory:

Hand Weapons
 c - a +0 war axe (weapon)
Armour
 a - a +0 robe
 b - a +0 leather armour (worn)
Jewellery
 d - a ring of see invisible (left hand)
Scrolls
 e - a scroll of identify {unknown}


   Skills:
 - Level 1.0 Armour
 - Level 2.1 Dodging
 - Level 2.0 Stealth
 * Level 3.1 Spellcasting


You couldn't memorise any spells.
You knew the following spells:

 Your Spells              Type           Power      Damage    Failure   Level
a - Sting                 Tmut/Pois      48%        1d5       8%          1
b - Poisonous Vapours     Pois/Air       24%        N/A       11%         2
c - Mephitic Cloud        Conj/Pois/Air  12%        N/A       22%         3
d - Olgreb's Toxic Radia  Pois           12%        N/A       58%         4
e - Beastly Appendage     Tmut           24%        N/A       8%          1
Your spell library was empty.

Dungeon Overview and Level Annotations

Branches:
Dungeon (3/15)

Altars:

Shops:
D:2 =

Annotations:
D:3 Sigmund


Innate Abilities, Weirdness & Mutations

You are immune to sickness and miasma.
You are immune to poison.
Your flesh is very heat resistant. (rF++)
You are vulnerable to cold. (rC-)
You float through the air rather than walking.
You learn spells naturally, not from books.
Your magical power is your life essence.
You have superior vitality. (+4 HP)


Message History

Aiming: Sting (safe; 8% risk of failure)
Press: ? - help, Shift-Dir - straight line, f/p - adder
Aim: an adder (moderately wounded, poisoned, 53% to hit)
The sting misses the adder.
The adder bites you but does no damage. The bat closely misses you.
The adder barely misses you.
Unknown command.
Casting: Sting (safe; 8% risk of failure)
Confirm with . or Enter, or press ? or * to list all spells.
Aiming: Sting (safe; 8% risk of failure)
Press: ? - help, Shift-Dir - straight line, f/p - adder
Aim: an adder (moderately wounded, poisoned, 53% to hit)
The sting hits the adder.
The adder looks even sicker.
The adder is moderately wounded.
The bat barely misses you. The adder bites you.
The quokka bites you but does no damage.
You miss the adder.
The adder is severely wounded.
You hit the quokka. You closely miss the bat.
The bat hits you but does no damage. The adder bites you but does no damage.
The quokka barely misses you. The adder bites you.
* * * LOW HITPOINT WARNING * * *
The quokka misses you.
Casting: Sting (safe; 8% risk of failure)
Confirm with . or Enter, or press ? or * to list all spells.
Aiming: Sting (safe; 8% risk of failure)
Press: ? - help, Shift-Dir - straight line, f/p - adder
Aim: an adder (almost dead, poisoned, 53% to hit)
The sting hits the adder.
The adder looks even sicker.
You kill the adder!
* * * LOW HITPOINT WARNING * * *
The bat hits you but does no damage.
A worm comes into view.
The quokka closely misses you.
You hit the quokka but do no damage.
The quokka is almost dead.
Sigmund seems less confused.
The bat hits you.
* * * LOW HITPOINT WARNING * * *
Sigmund casts a spell at you. The magic dart hits you!
You die...

#######
#......##
........##
.........#
........[#
...$.....#
.........#
.......@.#
..@..br.....#
.........#..#
.......... .#
........... ..
............
.#
.............
.
w.......#.....


You could see Sigmund (poisoned), a worm, a quokka and a bat.

Vanquished Creatures
  An adder (D:3)
  2 giant cockroaches
  A goblin (D:1)
  5 hobgoblins
  6 ball pythons
  A bat (D:1)
  3 frilled lizards
  5 kobolds
  2 rats
26 creatures vanquished.

Notes
Turn   | Place    | Note
-------+----------+-------------------------------------------
     0 | D:1      | shoop the Djinni Venom Mage began the quest for the Orb.
     0 | D:1      | Reached XP level 1. HP: 15/15 MP: 0/0
   597 | D:1      | Reached XP level 2. HP: 20/21 MP: 0/0
  1277 | D:2      | Got the Handbook of Egalitarianism
  1375 | D:2      | Reached XP level 3. HP: 8/25 MP: 0/0
  1375 | D:2      | Learned a level 1 spell: Beastly Appendage
  1634 | D:2      | Found Naopn's Jewellery Boutique.
  1638 | D:2      | Reached skill level 1 in Armour
  1975 | D:2      | Reached skill level 3 in Spellcasting
  2248 | D:3      | Noticed Sigmund
  2261 | D:3      | Killed from afar by Sigmund

Illustrated notes

Levels and vault maps discovered:
D:1:      lightli_molten_gateway, layout_loops_cross, serial_park_tiny_2
D:2:      layout_basic, serial_shops, shop
D:3:      layout_rooms, nzn_overflow_gifts_of_might_and_magic, serial_shops,
          nicolae_shop_behind_doors, uniq_robin, uniq_natasha, uniq_sigmund

Skill      XL: |  1  2  3 |
---------------+----------+-----
Armour         | 1 |  1.0
Stealth        | 2 |  2.0
Spellcasting   | 3 |  3.1
Dodging        | |  2.1

Action                   || total
-------------------------++-------
Melee: War axe           ||     7
 Cast: Sting             ||    58
       Poisonous Vapours ||     3
       Mephitic Cloud    ||     1
Armor: Leather armour    ||    12
Dodge: Dodged            ||    30
